← All builds
Front / Armada / Economy first / OBSERVED BUILD

Standard front

Armada Front build order · Supreme Isthmus

Standard economy-first Front play: Bot Lab and Vehicle Plant up immediately, units trickle to the coast and middle, with an Advanced Metal Extractor around 9:00 as the eco transition.

#eco · 1700 distinct matches · 248 players · 74% of Armada Front games · team won 61% of 1994 · Recently observed

HOW TO PLAY IT

Key timing: T2 constructor by 7:43

  1. Open mex and wind, drop Bot Lab and Vehicle Plant almost immediately.
  2. Pump Blitz, Rocketeer and Pawn to the coast to stop leaks first.
  3. Add Centurion and Janus once first units are moving up.
  4. Form units into a line pushing toward middle as numbers grow.
  5. Upgrade to Advanced Metal Extractor as the economy transition kicks in.

Phase by phase

TYPICAL OF ITS 1700 GAMES
  1. 1
  2. 2
  3. 3
PLAY THE OPENING

Follow the example game's first 6:00 step by step: what to build now, what comes next, and where it goes. At 1× it keeps pace with your own game.

  1. 1

    Up to the Bot Lab

    Economy
    • Metal Extractor2Mex
    Order
    1. Bot LabBot Lab after 2 mex, 1 winddone ~0:44, middle half 0:33–0:56

    Some games also: wind (48%) · Vehicle Plant (35%)

    By 0:28 in all: 2 mex

    The example game in this phase · 2 steps
    1. Mex ×2
    2. Wind ×2
  2. 2

    Bot Lab to 5:00

    Economy
    • Metal Extractor4Mex
    • Wind Turbine3Wind
    Builders
    • Construction Bot1 Con bot
    Army
    • Sentry1 Sentry
    • Rocketeer6 Rocketeer

    Some games also: Lazarus (49%) · tick (46%) · centurion (40%) · con vehicle (32%) · janus (32%)

    By 5:00 in all: 6 mex · 6 wind

    The example game in this phase · 29 steps
    1. Vehicle PlantVehicle Plantdone 0:48 · typical 0:47
    2. RoverScout
    3. Mex
    4. RoverScout ×3
    5. Mex
    6. RoverScout ×2
    7. SentrySentry
    8. ShellshockerArty
    9. Construction VehicleCon vehicle
    10. Mex
    11. Construction VehicleCon vehicle
    12. SentrySentry ×2
    13. JanusJanus
    14. SentrySentry ×2
    15. JanusJanus
    16. SentrySentry
    17. JanusJanus
    18. Construction VehicleCon vehicle
    19. SentrySentry ×2
    20. JanusJanus
    21. SentrySentry
    22. JanusJanus
    23. Mex
    24. JanusJanus
    25. BlitzBlitz
    26. NettleNettle
    27. BlitzBlitz ×2
    28. NettleNettle
    29. BlitzBlitz ×2
  3. 3

    5:00 to 10:00

    Economy
    • Metal Extractor1Mex
    • Wind Turbine14Wind
    Builders
    • Construction Turret2 Con turret
    Army
    • Sentry1 Sentry

    Some games also: rocketeer (45%) · energy storage (43%) · Lazarus (38%) · con bot (37%) · Radar Tower (36%)

    By 10:00 in all: 7 mex · 24 wind · 1 energy storage · 3 con turret

    The example game in this phase · 104 steps
    1. SentrySentry
    2. BlitzBlitz ×2
    3. Construction VehicleCon vehicle
    4. NettleNettle
    5. Construction VehicleCon vehicle
    6. Radar TowerRadar Tower
    7. Construction VehicleCon vehicle
    8. BlitzBlitz ×6
    9. BeamerBeamer
    10. BlitzBlitz
    11. Construction VehicleCon vehicle
    12. Converter
    13. Wind ×2
    14. BeamerBeamer
    15. Wind
    16. Construction VehicleCon vehicle
    17. Wind ×3
    18. Construction VehicleCon vehicle
    19. Wind
    20. GauntletGauntletnot finished by 15:00
    21. Wind
    22. Con turret ×2
    23. Wind
    24. Construction VehicleCon vehicle
    25. Wind ×2
    26. BlitzBlitz
    27. Wind
    28. BlitzBlitz
    29. Wind
    30. BlitzBlitz ×2
    31. Wind
    32. BlitzBlitz
    33. Wind
    34. BlitzBlitz ×2
    35. Wind
    36. BlitzBlitz
    37. Mex
    38. BlitzBlitz
    39. Wind
    40. Con turret
    41. BlitzBlitz
    42. Wind ×2
    43. Con turret ×2
    44. Mex
    45. Wind ×2
    46. Advanced Metal ExtractorT2 mexdone 11:33 · typical 9:00
    47. Wind ×4
    48. Radar TowerRadar Tower
    49. Wind
    50. Advanced Metal ExtractorT2 mex
    51. Wind ×2
    52. Con turret
    53. Wind ×3
    54. Advanced Metal ExtractorT2 mex
    55. Wind ×5
    56. BlitzBlitz
    57. Converter
    58. Wind
    59. Converter
    60. Wind ×3
    61. Advanced Metal ExtractorT2 mex
    62. Wind ×4
    63. BlitzBlitz
    64. Wind ×8
    65. Converter
    66. Wind ×2
    67. Converter
    68. Wind
    69. Converter
    70. Wind
    71. BlitzBlitz
    72. Wind
    73. Advanced Metal ExtractorT2 mex
    74. Wind
    75. Con turret
    76. Wind ×8
    77. BlitzBlitz
    78. Wind ×2
    79. Converter
    80. Wind ×2
    81. Converter
    82. Con turret
    83. Converter
    84. Wind ×2
    85. BlitzBlitz
    86. Wind ×4
    87. Con turret
    88. Wind ×4
    89. BlitzBlitz
    90. Wind ×2
    91. RattlesnakeRattlesnakenot finished by 15:00
    92. Sneaky PeteSneaky Pete
    93. Wind ×2
    94. Converter
    95. Wind
    96. Converter
    97. Wind
    98. Converter
    99. Wind ×3
    100. Con turret
    101. BlitzBlitz
    102. Wind ×4
    103. Con turret
    104. Wind ×4

Counts are medians over the build's games: half of them build more, half fewer. The example game is [Crd]HahnII's (32 OS, 10/10/2026); pick another.

Team trades

IN AT LEAST 30% OF ITS GAMES

You hand over

Nothing regular.

You get

  • Tidal Generator4 Tidal from Pondfirst at 0:17 · in 68% of games
  • Advanced Construction Bot1 T2 con bot from Geo or Techfirst at 7:24 · in 64% of games

How it plays out

Typical game of this build, running totals by minute

Metal produced

010k20k30k
0:005:0010:0015:00

metal

Enemy metal destroyed

05k10k
0:005:0010:0015:00

metal

Own metal lost

05k10k
0:005:0010:0015:00

metal

1994 games.

Show as table
ByMetal produced: This buildEnemy metal destroyed: This buildOwn metal lost: This build
1:0033300
2:008402131
3:001618135108
4:002700522333
5:0038471128787
6:00503519281428
7:00625027202303
8:00753535463173
9:00897343304071
10:001054250114810
11:001237555405548
12:001452859986409
13:001685964707001
14:001921771867827
15:002184978708694
WHAT THE NUMBERS SAY

Standard Front play wins more often than Suicide front and produces more metal by 15:00 while losing less of it.

  • + Metal produced reaches 22627 by 15:00, well above Suicide front's 20142.
  • + Own metal lost is 8944 by 15:00, lower than enemy metal destroyed ratio of Suicide front.
  • − First unit lost already at 1:43, showing exposure despite the safer position.
  • − Blitz dominates army share at 25%, leaving fewer Centurion for anti-swarm.
THE EXAMPLE YOU ARE READING

[Crd]HahnII

32.2 OS · 10/10/2026

Open source match ↗

5 received units · includes a constructor
78 metal received · 13146 energy received

Allied construction assistance is unknown. Timings are observations, not a promise of solo reproducibility.

Typical milestones

Bot Lab0:44Middle 50%: 0:33–0:56 · n=1332
Vehicle Plant0:47Middle 50%: 0:41–1:13 · n=1286
Advanced Metal Extractor9:00Middle 50%: 8:09–10:15 · n=1564

Played most by

haaven107games of this buildHummell107games of this buildLeohvm93games of this buildTheGeneraI75games of this buildXad69games of this build